 Dungeon Crawl Stone Soup version 0.20-a0-640-g62ed22f (webtiles) character file.

716 HEYYEYAAE the Cudgeler (level 7, -1/71 HPs)
             Began as a Troll Berserker on Feb 12, 2017.
             Was a Priest of Trog.
             Slain by an orc
             ... wielding a +0 trident
              (4 damage)
             ... on level 4 of the Dungeon.
             The game lasted 00:03:21 (2545 turns).

HEYYEYAAE the Cudgeler (Troll Berserker)            Turns: 2545, Time: 00:03:22

Health: -1/71      AC:  6    Str: 28    XL:     7   Next: 41%
Magic:  6/6        EV: 10    Int:  3    God:    Trog [***...]
Gold:   90         SH:  0    Dex:  9    Spells: 6/6 levels left

rFire    . . .     SeeInvis .   s - +2 quarterstaff (chaos)
rCold    + . .     Gourm    +   b - +0 animal skin
rNeg     . . .     Faith    .   (shield currently unavailable)
rPois    +         Spirit   .   (helmet restricted)
rElec    .         Reflect  .   t - +0 cloak {rPois}
rCorr    .         Harm     .   (gloves unavailable)
MR       .....                  (boots unavailable)
Stlth    +.........             (no amulet)
Regen    0.7/turn               (no ring)
MPRegen  0.1/turn               q - ring of protection from cold

@: exhausted, hasted, very quick
A: unfitting armour, claws 3, fast metabolism 3, gourmand, regeneration 1,
shaggy fur 1, tough skin 2
a: Berserk, Trog's Hand, Burn Spellbooks, Renounce Religion


You were on level 4 of the Dungeon.
You worshipped Trog.
Trog was most pleased with you.
You were very full.

You visited 1 branch of the dungeon, and saw 4 of its levels.

You collected 90 gold pieces.

Inventory:

Hand Weapons
 a - a +0 mace
 s - a +2 quarterstaff of chaos (weapon)
Armour
 b - a +0 animal skin (worn)
 t - a +0 cloak of poison resistance (worn)
Jewellery
 q - a ring of protection from cold (left claw)
Wands
 v - a wand of random effects (20/48)
Scrolls
 h - 5 scrolls of enchant weapon {unknown}
 l - 5 scrolls of identify {unknown}
 m - a scroll of blinking {unknown}
 n - 2 scrolls of teleportation {unknown}
 w - 3 scrolls of noise {unknown}
 x - a scroll of remove curse {unknown}
Potions
 d - 2 potions of haste
 e - a potion of brilliance {unknown}
 f - a potion of degeneration {unknown}
 g - 2 potions of agility {unknown}
 j - a potion of lignification {unknown}
 k - a potion of magic {unknown}
 p - a potion of curing {unknown}
 r - a potion of flight {unknown}
 u - a potion of heal wounds {unknown}
 z - a potion of invisibility {unknown}
Comestibles
 c - 2 bread rations
 i - 2 meat rations
 o - 2 royal jellies
 A - 5 chunks of flesh


   Skills:
 + Level 4.4 Fighting
 * Level 6.8 Maces & Flails
 - Level 2.4 Dodging


You had 6 spell levels left.
You didn't know any spells.

Dungeon Overview and Level Annotations

Branches:
Dungeon (4/15)
 Temple: D:4-7

Altars:
Ashenzari
Kikubaaqudgha
Yredelemnul
The Shining One


Innate Abilities, Weirdness & Mutations

You are too large for most types of armour.
You have claws for hands.
Your metabolism is lightning-fast.
You like to eat raw meat.
Your natural rate of healing is unusually fast.
You are covered in fur. (AC +1)
You have very tough skin. (AC +2)


Message History

The orc hits you with a flail of protection.
The scorpion stings you.
The orc hits you from afar with a trident.
The orc closely misses you. The scorpion stings you.
* * * LOW HITPOINT WARNING * * *
You completely miss the orc.
The orc is moderately wounded.
You feel yourself speed up. The orc barely misses you. x2
The scorpion stings you but does no damage.
The orc hits you with a flail of protection!
* * * LOW HITPOINT WARNING * * *
The orc misses you.
The scorpion stings you but does no damage.
Unknown command.
The orc hits you with a flail of protection.
* * * LOW HITPOINT WARNING * * *
It was a potion of haste.
You feel yourself speed up.
The orc hits you from afar with a trident.
You die...

...........#
....
...........#
...
####...###.#
..# ##+##
#.########..##
#....#.......#
+....#.......+
#.(..#.o.)...#
#....#.s.....#
#....#.@o....#
#..)##..######
##...##((##..#
#......(.......
#..............
#..............
##...##.......#
###########..#
#.#


You could see a scorpion and 2 orcs.

Vanquished Creatures
  Sigmund (D:4)
  Duvessa (D:4)
  An ogre (D:4)
  Dowan (D:4)
  A hound (D:4)
  Crazy Yiuf (D:2)
  Natasha (thrice) (D:2 D:3)
  A worker ant (D:4)
  8 adders
  An ooze (D:2)
  2 dart slugs
  A leopard gecko (D:3)
  7 orcs
  A ball python (D:2)
  6 bats
  7 giant cockroaches
  7 goblins
  8 hobgoblins
  11 jackals
  5 frilled lizards
  7 kobolds
  7 rats
  A fungus (D:2)
89 creatures vanquished.

Vanquished Creatures (others)
  A human (D:3)
  A giant cockroach (D:2)
2 creatures vanquished.

Grand Total: 91 creatures vanquished

Notes
Turn   | Place    | Note
-------+----------+-------------------------------------------
     0 | D:1      | HEYYEYAAE the Troll Berserker began the quest for the Orb.
     0 | D:1      | Reached XP level 1. HP: 22/22 MP: 0/0
    44 | D:1      | Reached XP level 2. HP: 28/29 MP: 1/1
    71 | D:1      | Reached skill level 3 in Maces & Flails
   439 | D:1      | Reached ** piety under Trog
   669 | D:2      | Reached XP level 3. HP: 36/36 MP: 2/2
   885 | D:2      | Found a basalt altar of Yredelemnul.
   979 | D:2      | Noticed Natasha
   989 | D:2      | Killed Natasha
   989 | D:2      | Reached skill level 4 in Maces & Flails
   989 | D:2      | Reached XP level 4. HP: 22/45 MP: 3/3
  1271 | D:2      | Noticed Natasha
  1281 | D:2      | Killed Natasha
  1364 | D:2      | Reached XP level 5. HP: 45/53 MP: 4/4
  1367 | D:2      | Found a glowing golden altar of the Shining One.
  1485 | D:2      | Noticed an angel
  1611 | D:2      | Found a runed door.
  1615 | D:2      | Noticed Crazy Yiuf
  1621 | D:2      | Killed Crazy Yiuf
  1736 | D:3      | Reached *** piety under Trog
  1777 | D:3      | Noticed Natasha
  1785 | D:3      | Killed Natasha
  1785 | D:3      | Reached skill level 5 in Maces & Flails
  2048 | D:3      | Found a shattered altar of Ashenzari.
  2267 | D:3      | Found an ancient bone altar of Kikubaaqudgha.
  2269 | D:3      | Noticed a human
  2271 | D:3      | Killed a human
  2375 | D:4      | Noticed Duvessa
  2375 | D:4      | Noticed Dowan
  2377 | D:4      | Killed Dowan
  2377 | D:4      | Reached XP level 6. HP: 62/62 MP: 5/5
  2385 | D:4      | Killed Duvessa
  2439 | D:4      | Reached skill level 6 in Maces & Flails
  2487 | D:4      | Reached XP level 7. HP: 42/70 MP: 6/6
  2509 | D:4      | Noticed Sigmund
  2516 | D:4      | Killed Sigmund
  2544 | D:4      | HP: 3/71 [orc/flail of protection (5)]
  2545 | D:4      | Slain by an orc

Vault maps used:
D:1:      minmay_arrival_arboretum_small, hangedman_abyss_or_decor_stabs,
          minivault_27, serial_park_tiny_1
D:2:      grunt_temple_overflow_holy_war, uniq_natasha, uniq_crazy_yiuf_cottage
D:3:      evilmike_ruin_ashenzari, tgw_kikubaaqudgha
D:4:      nicolae_dithmenos_the_darkroom, uniq_grinder, uniq_sigmund,
          uniq_duvessa

Skill      XL: |  1  2  3  4  5  6 |
---------------+-------------------+-----
Maces & Flails | 3 4 5 6 |  6.8
Fighting       | 3 4 |  4.4
Dodging        | |  2.4

Action                   |  1- 3 |  4- 6 |  7- 9 || total
-------------------------+-------+-------+-------++-------
Melee: Mace              |   161 |    52 |       ||   213
       Quarterstaff      |       |    58 |    13 ||    71
       Unarmed           |       |     3 |       ||     3
Invok: Berserk           |     2 |     3 |     1 ||     6
       Trog's Hand       |       |       |     1 ||     1
  Use: Potion            |       |       |     1 ||     1
 Stab: Sleeping          |     1 |       |       ||     1
  Eat: Chunk             |    13 |    21 |     1 ||    35
Armor: Animal skin       |    72 |    31 |     8 ||   111
Dodge: Dodged            |   138 |    55 |    18 ||   211
